 Dungeon Crawl Stone Soup version 0.28.0-1-gb440e238dd (webtiles) character file.

Game seed: 16914509352793947347

170 Ijustatesigmund the Shield-Bearer (level 5, -11/37 HPs)
             Began as an Octopode Fighter on Feb 24, 2022.
             Mangled by an ancient zyme (13 damage)
             ... on level 1 of the Abyss.
             The game lasted 00:04:25 (3577 turns).

Ijustatesigmund the Shield-Bearer (OpFi)            Turns: 3577, Time: 00:04:26

Health: -11/37     AC:  1    Str: 18    XL:     5   Next: 50%
Magic:  5/5        EV: 12    Int: 10    God:
Gold:   44         SH:  8    Dex: 11    Spells: 4/4 levels left

rFire   . . .      SeeInvis .   a - +1 war axe
rCold   . . .      Faith    .   b - +0 kite shield
rNeg    . . .      Spirit   .   (helmet restricted)
rPois   .          Reflect  .   (no amulet)
rElec   .          Harm     .   (no ring)
rCorr   .          Rampage  .   (no ring)
Will    .....                   (no ring)
Stlth   ++........              (no ring)
HPRegen 0.00/turn               (no ring)
MPRegen 0.09/turn               (no ring)
                                (no ring)
                                (no ring)

@: sick
A: almost no armour, amphibious, 8 rings, camouflage 1, gelatinous body 1,
(nimble swimmer 1), tentacles
a: no special abilities


You were on level 1 of the Abyss.
You visited 1 branch of the dungeon, and saw 3 of its levels.
You visited the Abyss 1 time.

You collected 44 gold pieces.

Inventory:

Hand Weapons
 a - a +1 war axe (weapon)
Armour
 b - a +0 kite shield (worn)
Wands
 f - a wand of paralysis (9)
Scrolls
 d - 5 scrolls of identify
 e - 2 scrolls of teleportation
 h - 3 scrolls of magic mapping {unknown}
Potions
 c - a potion of might
 g - 3 potions of curing
 i - a potion of mutation {unknown}


   Skills:
 + Level 3.9 Fighting
 + Level 3.2 Axes
 - Level 3.4 Dodging
 * Level 4.4 Shields


You had 4 spell levels left.
You didn't know any spells.
Your spell library contained the following spells:

 Spells                   Type           Power      Damage    Failure   Level
 Ozocubu's Armour         Ice            0%         N/A       97%         3
 Ozocubu's Refrigeration  Ice            0%         4d5       100%        7


Dungeon Overview and Level Annotations

Branches:
Dungeon (3/15)

Altars:
Wu Jian

Shops:
D:3 =

Annotations:
D:3 Crazy Yiuf


Innate Abilities, Weirdness & Mutations

You cannot wear most types of armour.
You are amphibious.
You can wear up to eight rings at the same time.
Your skin changes colour to match your surroundings (Stealth+).
Your rubbery body absorbs attacks. (AC +1, EV +1)
((You are camouflaged when in or above water. (Stealth+)))
You have tentacles for arms and can constrict up to eight enemies at once.


Message History

You open the door.
There is an open translucent door here.
The helpless Crazy Yiuf fails to defend himself.
You hit Crazy Yiuf. You grab Crazy Yiuf.
Crazy Yiuf is lightly wounded.
You constrict Crazy Yiuf, but do no damage.
Crazy Yiuf hits you with a +4 quarterstaff of chaos.
You lose your grip on Crazy Yiuf.
You are cast into the Abyss!
This branch contains the abyssal rune of Zot.
HP restored.
There is an open translucent door here.
An ancient zyme comes into view.
You feel yourself growing ill in the presence of the ancient zyme.
No target in view!
No target in view!
No target in view!
No target in view!
No target in view!
No target in view!
No target in view!
No target in view!
No target in view!
No target in view!
No target in view!
No target in view!
No target in view!
No target in view!
You slash the ancient zyme! You grab the ancient zyme.
You squeeze the ancient zyme, but do no damage.
The ancient zyme is lightly damaged.
You constrict the ancient zyme. The ancient zyme barely misses you.
The ancient zyme hits you!
You hit the ancient zyme.
The ancient zyme is moderately damaged.
You constrict the ancient zyme. The ancient zyme closely misses you.
The ancient zyme hits you!
You feel ill. The ancient zyme hits you!
* * * LOW HITPOINT WARNING * * *
The ancient zyme hits you!
You die...

.# .# ## # ##.#
###.# . #..
...###... . .. #.
#. .#..## ..
###.#...#.......#.#
#.... #.....#.#..##
...#####.#.@.#...
#.#.#....##x..# ##
## ..##.....#..#
#..
.#.....#.##..###.#
.... ....##.######
# .#.#.##.####...
.#.#. #..##. #.#
#.###...# ..# ....
.###....#


You could see an ancient zyme.

Vanquished Creatures
  2 orc wizards (D:3)
  3 adders
  A river rat (D:3)
  An ufetubus (D:3)
  A worm (D:2)
  A dart slug (D:1)
  8 orcs (D:3)
  6 ball pythons
  7 endoplasms
  A giant cockroach (D:3)
  10 goblins
  2 hobgoblins
  2 jackals (D:2)
  2 quokkas (D:1)
  5 bats
  2 frilled lizards
  3 kobolds (D:1)
  8 rats
65 creatures vanquished.

Vanquished Creatures (others)
  A fungus (D:1)
  3 plants (D:1)
4 creatures vanquished.

Grand Total: 69 creatures vanquished

Notes
Turn   | Place    | Note
-------+----------+-------------------------------------------
     0 | D:1      | Ijustatesigmund the Octopode Fighter began the quest for
                  | the Orb.
     0 | D:1      | Reached XP level 1. HP: 16/16 MP: 1/1
   181 | D:1      | Reached XP level 2. HP: 16/21 MP: 2/2
   677 | D:1      | Reached XP level 3. HP: 25/26 MP: 3/3
  1114 | D:2      | Found an ornate altar of the Wu Jian Council.
  2012 | D:2      | Found a faded altar of an unknown god.
  2530 | D:3      | Reached XP level 4. HP: 20/32 MP: 4/4
  2766 | D:3      | Reached skill level 4 in Shields
  2766 | D:3      | Reached XP level 5. HP: 25/37 MP: 5/5
  2916 | D:3      | Found Pelebeeri's Jewellery Boutique.
  3394 | D:3      | Found a runed translucent door.
  3395 | D:3      | Noticed Crazy Yiuf
  3495 | D:3      | Cast into level 1 of the Abyss (Crazy Yiuf)
  3570 | Abyss:1  | Noticed an ancient zyme
  3577 | Abyss:1  | Mangled by an ancient zyme

Illustrated notes

Levels and vault maps discovered:
D:1:      tarquinn_simple_flora_water_b, layout_loops_cross, serial_park_tiny_2,
          minmay_curled_crystal, minmay_misc_feat_plants, serial_bayou_lagoon_b
D:2:      layout_basic, hellmonk_ecumenical_altar_arch_garden, basic_altar
D:3:      layout_basic, serial_shops, nicolae_shop_stone,
          lightli_sewer_entry_pipes, nicolae_elevator_lobby_plus,
          uniq_crazy_yiuf_cottage
Abyss:1:  base:
D:1

Skill      XL: |  1  2  3  4 |
---------------+-------------+-----
Axes           | 3 |  3.2
Shields        | 4 |  4.4
Fighting       | |  3.9
Dodging        | |  3.4

Action                   |  1- 3 |  4- 6 || total
-------------------------+-------+-------++-------
Melee: War axe           |    67 |    41 ||   108
       Tentacles         |    11 |     7 ||    18
       Constrict         |    15 |    13 ||    28
       Punch             |     1 |     1 ||     2
  Use: Scroll            |     4 |     1 ||     5
 Stab: Sleeping          |     9 |     4 ||    13
Armor: Skin              |     7 |     3 ||    10
Dodge: Dodged            |    36 |    23 ||    59
Block: Buckler           |     8 |       ||     8
       Kite shield       |     3 |    17 ||    20
